 Dungeon Crawl Stone Soup version 0.18-a0-853-gfe32976 (webtiles) character file.

32 HrabiaVulpes the Firebug (level 3, 0/19 HPs)
             Began as a Deep Elf Fire Elementalist on Dec 21, 2015.
             Slain by a hobgoblin
             ... wielding a +0 club
              (2 damage)
             ... on level 2 of the Dungeon.
             The game lasted 00:09:06 (1473 turns).

HrabiaVulpes the Firebug (DEFE)                     Turns: 1473, Time: 00:09:06

Health: 0/19       AC:  2    Str:  5    XL:     3   Next: 8%
Magic:  10/10      EV: 13    Int: 20    God:
Gold:   65         SH:  0    Dex: 15    Spells: 2 memorised, 6 levels left

rFire  . . .     SeeInvis .     (no weapon)
rCold  . . .     Gourm    .     a - +0 robe
rNeg   . . .     Faith    .     (no shield)
rPois  .         Spirit   .     (no helmet)
rElec  .         Dismiss  .     (no cloak)
rCorr  .         Reflect  .     (no gloves)
SustAt .         Harm     .     (no boots)
MR     .....                    (no amulet)
Stlth  ++........               (no ring)
                                (no ring)

@: not resistant to hostile enchantments, unstealthy
A: no striking features
a: no special abilities


You were on level 2 of the Dungeon.
You were not hungry.

You visited 1 branch of the dungeon, and saw 2 of its levels.

You collected 65 gold pieces.

Inventory:

Armour
 a - a +0 robe (worn)
 k - a cursed +0 robe
Scrolls
 g - a scroll of amnesia {unknown}
 h - 2 scrolls of identify {unknown}
 l - a scroll of enchant armour {unknown}
Potions
 d - a potion of degeneration {unknown}
 e - a potion of mutation {unknown}
 f - a potion of cancellation {unknown}
 i - a potion of might {unknown}
 j - 2 potions of agility {unknown}
 m - a potion of ambrosia {unknown}
Books
 b - a book of Flames

   Spells                             Type                      Level
   a - Flame Tongue                   Conjuration/Fire             1
   b - Throw Flame                    Conjuration/Fire             2
   c - Conjure Flame                  Conjuration/Fire             3
   d - Inner Flame                    Hexes/Fire                   3
   e - Sticky Flame                   Conjuration/Fire             4
   f - Fireball                       Conjuration/Fire             5
Comestibles
 c - 4 chunks of flesh


   Skills:
 - Level 2.4 Dodging
 - Level 2.4 Stealth
 + Level 3.5 Spellcasting
 * Level 2.1 Conjurations
 + Level 3.8 Fire Magic


You had 6 spell levels left.
You knew the following spells:

 Your Spells              Type           Power        Failure   Level  Hunger
a - Flame Tongue          Conj/Fire      ###..        4%          1    None
b - Throw Flame           Conj/Fire      ###...       10%         2    ##.....


Dungeon Overview and Level Annotations

Branches:
Dungeon (2/15)

Altars:


Message History

You butcher the ball python corpse.
c - 6 chunks of flesh (gained 4)
You now have 65 gold pieces (gained 8).
You open the door.
There is an open door here.
A worm and 2 gnolls come into view.
The gnoll shouts!
There is an open door here.
A giant newt comes into view.
The hobgoblin shouts!
The hobgoblin hits you with a club. The hobgoblin hits you with a club.
Some of the chunks of flesh in your inventory have rotted away.
You see here a fuming blue potion.
The hobgoblin closely misses you. The hobgoblin hits you with a club.
The gnoll hits you from afar with a halberd.
* * * LOW HITPOINT WARNING * * *
The hobgoblin hits you with a club.
You die...

..# ...# #..####.#
###.###.## ........
..l........
#######.##.#.####.....##.##
.........#......#...#.##.#
..#...#..#.#.##.#...#.##.#
.......<......#.#......#.#
..............#.#...##.#.##
...$.....#@gg..w....##...#.
.........########...##...#.
.........# #........##...#.
.........# #.####...##.#.#.
.........# #........##.#...
.........# #........w......
.......###............... #
#........#...............
#.##........#.....##........


You could see a worm, a gnoll and a hobgoblin.

Vanquished Creatures
  8 bats (D:1)
  3 giant cockroaches
  2 hobgoblins (D:1)
  2 jackals (D:1)
  2 ball pythons
  A giant gecko (D:2)
  A giant newt (D:1)
  A goblin (D:1)
  6 kobolds (D:1)
  6 rats
32 creatures vanquished.

Notes
Turn   | Place    | Note
--------------------------------------------------------------
     0 | D:1      | HrabiaVulpes the Deep Elf Fire Elementalist began the quest for the Orb.
     0 | D:1      | Reached XP level 1. HP: 10/10 MP: 6/6
   295 | D:1      | Reached XP level 2. HP: 15/15 MP: 5/8
   590 | D:1      | Learned a level 2 spell: Throw Flame
  1256 | D:2      | Reached XP level 3. HP: 19/19 MP: 8/10
  1473 | D:2      | Slain by a hobgoblin

Vault maps used:
D:1:      dpeg_arrival_simpleton_b

Action                   || total
-------------------------++-------
 Cast: Flame Tongue      ||    46
       Throw Flame       ||    11
  Eat: Bread ration      ||     1
